 Dungeon Crawl Stone Soup version 0.24.0-10-g970556be89 (console) character file.

Game seed: 16689273174978875393, levelgen mode: deterministic

252 AlterAsc the Ruffian (level 5, -1/42 HPs)
             Began as a Draconian Transmuter on Nov 3, 2019.
             Slain by an orc priest
             ... wielding a +0 flail
              (8 damage)
             ... on level 3 of the Dungeon.
             The game lasted 00:07:07 (2727 turns).

AlterAsc the Ruffian (Draconian Transmuter)         Turns: 2727, Time: 00:07:08

Health: -1/42      AC:  5    Str: 13    XL:     5   Next: 89%
Magic:  4/9        EV: 13    Int: 13    God:
Gold:   109        SH:  0    Dex: 12    Spells: 6/9 levels left

rFire    . . .     SeeInvis .     - Unarmed
rCold    . . .     Gourm    .   (no shield)
rNeg     . . .     Faith    .   (armour unavailable)
rPois    .         Spirit   .   (helmet restricted)
rElec    .         Reflect  .   (no cloak)
rCorr    .         Harm     .   (no gloves)
MR       .....                  (no boots)
Stlth    +.........             (no amulet)
HPRegen  0.14/turn              (no ring)
MPRegen  0.11/turn              (no ring)

@: no status effects
A: unfitting armour, cold-blooded, AC +5
a: no special abilities


You were on level 3 of the Dungeon.
You were hungry.

You visited 1 branch of the dungeon, and saw 3 of its levels.

You collected 109 gold pieces.

Inventory:

Missiles
 a - 25 arrows
Jewellery
 i - an uncursed ring of attention
Scrolls
 f - a scroll of fear
 g - a scroll of magic mapping
 h - 2 scrolls of identify
 k - a scroll of amnesia {unknown}
 l - a scroll of enchant armour {unknown}
 m - 2 scrolls of remove curse
 n - a scroll of fog {unknown}
Potions
 b - 2 potions of heal wounds {unknown}
 d - a potion of lignification
 e - a potion of haste {unknown}
 o - a potion of curing {unknown}
Comestibles
 c - 3 rations
 j - 9 chunks of flesh


   Skills:
 + Level 2.6 Fighting
 + Level 2.7 Dodging
 * Level 4.5 Unarmed Combat
 + Level 2.9 Spellcasting
 + Level 3.1 Transmutations


You had 6 spell levels left.
You knew the following spells:

 Your Spells              Type           Power        Failure   Level  Hunger
a - Beastly Appendage     Tmut           #.....       6%          1    #......
b - Sticks to Snakes      Tmut           #.......     10%         2    ###....

Your spell library contained the following spells:

 Spells                   Type           Power        Failure   Level  Hunger
 Spider Form              Tmut/Pois      #.........   36%         3    ###....
 Ice Form                 Ice/Tmut       #.......     77%         4    #####..
 Blade Hands              Tmut           #.........   87%         5    ######.


Dungeon Overview and Level Annotations

Branches:
Dungeon (3/15)

Altars:
Elyvilon
Zin


Innate Abilities, Weirdness & Mutations

Your plain brown scales are hard. (AC +5)
You cannot fit into any form of body armour.
You are cold-blooded and may be slowed by cold attacks.


Message History

Your ball python closely misses the orc.
The orc misses you.
You completely miss the orc priest.
Your tail-slap misses the orc priest.
The orc priest is moderately wounded.
The orc priest closely misses you.
Your ball python bites the orc.
Your ball python completely misses the orc.
The orc completely misses your ball python.
You hit the orc priest but do no damage.
The orc priest is moderately wounded.
Your ball python barely misses the orc.
Your ball python grabs the orc.
Your ball python constricts the orc.
The orc priest hits you with a +0 flail!
* * * LOW HITPOINT WARNING * * *
The orc hits your ball python.
You closely miss the orc priest.
The orc priest is moderately wounded.
Your ball python bites the orc.
Your ball python constricts the orc.
The orc dies!
The orc priest hits you with a +0 flail!
You die...

######## #......######
######### #.###.......#
#.).....o #.###.......# #.#
##.
#.##.......@######.###.....
#.##......S)o..........#
#.##..#...#.####)..#####
#.##..#####.# #...o.#
#...........# ##...........
####.######## ##.######.##
#.# #.# # #.## #.# . #..#
##+# .


You could see an orc priest and a friendly ball python.

Vanquished Creatures
  A centaur (D:3)
  An orc priest (D:3)
  An orc wizard (D:3)
  A worker ant (D:3)
  Robin (D:2)
  An adder (D:3)
  An ooze (D:1)
  2 leopard geckos
  4 orcs (D:3)
  4 bats
  4 giant cockroaches (D:1)
  10 hobgoblins
  6 jackals
  5 kobolds
  2 quokkas
  A ball python (D:1)
  A frilled lizard (D:1)
  10 goblins
  4 rats
60 creatures vanquished.

Vanquished Creatures (collateral kills)
  2 orcs (D:3)
  2 goblins (D:2)
  A hobgoblin (D:2)
5 creatures vanquished.

Grand Total: 65 creatures vanquished

Notes
Turn   | Place    | Note
-------+----------+-------------------------------------------
     0 | D:1      | AlterAsc the Draconian Transmuter began the quest for the
                  | Orb.
     0 | D:1      | Reached XP level 1. HP: 16/16 MP: 3/3
   171 | D:1      | Reached XP level 2. HP: 17/23 MP: 3/5
  1125 | D:1      | Reached XP level 3. HP: 4/29 MP: 6/6
  1435 | D:2      | Noticed Robin
  1528 | D:1      | Learned a level 2 spell: Sticks to Snakes
  1535 | D:2      | Killed Robin
  1604 | D:2      | Found a glowing silver altar of Zin.
  1658 | D:2      | Found a white marble altar of Elyvilon.
  2101 | D:3      | Reached XP level 4. HP: 32/36 MP: 5/7
  2186 | D:3      | Noticed a centaur
  2201 | D:3      | Killed a centaur
  2201 | D:3      | Reached skill level 4 in Unarmed Combat
  2201 | D:3      | Reached XP level 5. HP: 24/42 MP: 7/9
  2727 | D:3      | Slain by an orc priest

Levels and vault maps discovered:
D:1:      elethiomel_arrival_quiet, layout_basic, serial_bayou_pond_e
D:2:      layout_rooms, lemuel_doored_altar, first_ration, elyvilon_altar_4,
          uniq_robin
D:3:      layout_loops_corners

Skill      XL: |  1  2  3  4  5 |
---------------+----------------+-----
Dodging        | 2 |  2.7
Fighting       | 2 |  2.6
Unarmed Combat | 4 |  4.5
Transmutations | 3 |  3.1
Spellcasting   | |  2.9

Action                   |  1- 3 |  4- 6 || total
-------------------------+-------+-------++-------
Melee: Unarmed           |   135 |    61 ||   196
       Kick              |    12 |     3 ||    15
       Tailslap          |    10 |     9 ||    19
       Headbutt          |     3 |     6 ||     9
       Punch             |     1 |     2 ||     3
 Cast: Beastly Appendage |    19 |     7 ||    26
       Sticks to Snakes  |     2 |     4 ||     6
  Use: Scroll            |     3 |       ||     3
       Potion            |     1 |       ||     1
 Stab: Sleeping          |       |     1 ||     1
  Eat: Chunk             |     4 |     2 ||     6
Armor: Skin              |    47 |    18 ||    65
Dodge: Dodged            |   123 |    45 ||   168
